Map: Frostline LE

Players

夏林阿骨打

  • Race: Terran Terran
  • Spawn Location: 7:00

llllllllllll - Winner!

  • Race: Protoss Protoss
  • League: Gold
  • Spawn Location: 1:00

VOD

Have the link to the VOD?

Description

Time

  • Played on: April 24, 2025, 10:28 a.m.
  • Length: 3:05
Show
View Real Time Build Order
Export as new Build Order

夏林阿骨打 Terran 

Build Orders:  

Get SALT Encoding   

  12  0:00  SCV  
  13  0:13  SCV  
  14  0:17  Supply Depot  
  14  0:26  Refinery  
  14  0:27  SCV  
  15  0:48  SCV, Barracks  
  16  1:00  SCV  
  17  1:12  SCV  
  18  1:24  SCV  
  19  1:35  Reaper  
  19  1:36  Supply Depot  
  19  1:37  Orbital Command  
  20  1:54  Factory  
  20  2:04  SCV  
  21  2:09  Refinery  
  21  2:16  SCV, Command Center  
  21  2:19  Barracks Reactor  
  22  2:29  SCV  
  22  2:37  Bunker  
  21  2:40  Bunker  
  21  2:45  Bunker  
  20  2:59  Bunker  
Show
View Real Time Build Order
Export as new Build Order

llllllllllll Protoss - Winner!

Build Orders:  

Get SALT Encoding   

  12  0:02  Probe  
  14  0:14  Probe  
  14  0:20  Pylon  
  14  0:26  Probe  
  15  0:39  Gateway  
  15  0:43  Assimilator  
  15  0:49  Pylon  
  15  1:08  Gateway  
  15  1:12  Gateway  
  15  1:26  Cybernetics Core  
  15  1:42  Probe  
  16  1:50  Stalker  
  16  1:51  Stalker  
  16  1:54  Probe  
  21  2:16  Stalker x2  
Tags
 
League
Gold
Matchup
PvT
Replay Pack
kreditionep1
Spawn Locations
Cross Positions
Add a new tag
Caveats
  • Supply blocks, unpowered buildings, or Contaminate may cause inaccurate times.
  • Supply counts are checked every 10 seconds.